 Dungeon Crawl Stone Soup version 0.31-a0-431-g88bdf31460 (webtiles) character file.

Game seed: 17552188371736896563

400 experimilk the Ruffian (level 6, 0/82 HPs)
             Began as a Troll Gladiator on July 31, 2023.
             Slain by a gnoll
             ... wielding a +0 halberd
             ... led by a gnoll sergeant
              (5 damage)
             ... on level 5 of the Dungeon.
             The game lasted 00:05:04 (3189 turns).

experimilk the Ruffian (Troll Gladiator)            Turns: 3189, Time: 00:05:05

Health: 0/82       AC:  4    Str: 25    XL:     6   Next: 54%
Magic:  5/5        EV: 10    Int:  4    God:
Gold:   283        SH:  0    Dex: 11    Spells: 5/5 levels left

rFire   . .          .
                       - Unarmed
rCold   . . .        (no shield)
rNeg    . . .        a - +0 robe
rPois   .            b - +0 hat
rElec   .            (no cloak)
rCorr   +            (gloves unavailable)
SInv    .            (boots unavailable)
Will    .....        (no amulet) Stlth
                     q - ring of resist corrosion
HPRegen 1.13/turn    (no ring)
MPRegen 0.09/turn

%: no passive effects
@: berserking, very quick
A: large, unfitting armour, claws 3, regeneration 1, shaggy fur 1, tough skin 1
a: no special abilities


You were on level 5 of the Dungeon.
You visited 1 branch of the dungeon, and saw 5 of its levels.

You collected 283 gold pieces.

Inventory:

Missiles
 c - 3 throwing nets
 d - a large rock (quivered)
 k - 23 stones
 u - 4 poisoned darts
Armour
 a - a +0 robe (worn)
 b - a +0 hat (worn)
Jewellery
 f - a +6 ring of intelligence
 l - a ring of ice
 o - a ring of magical power
 q - a ring of resist corrosion (left claw)
Scrolls
 g - a scroll of amnesia {unknown}
 h - 3 scrolls of teleportation
 i - 2 scrolls of blinking {unknown}
 p - a scroll of enchant armour {unknown}
 r - 2 scrolls of fear {unknown}
 v - a scroll of revelation {unknown}
Potions
 e - a potion of curing
 j - a potion of mutation {unknown}
 n - a potion of might
 t - a potion of haste {unknown}


   Skills:
 - Level 1.5 Fighting
 - Level 1.7 Throwing
 - Level 2.4 Dodging
 * Level 7.5 Unarmed Combat


You had 5 spell levels left.
You didn't know any spells.
Your spell library contained the following spells:

 Spells                   Type           Power      Damage    Failure   Level
 Apportation              Tloc           0%         N/A       50%         1
 Necrotise                Necr           0%         1d4       50%         1
 Summon Small Mammal      Summ           0%         N/A       50%         1
 Frozen Ramparts          Ice            0%         1d1       86%         3
 Petrify                  Tmut/Erth      0%         N/A       99%         4
 Metabolic Englaciation   Hex/Ice        0%         N/A       100%        5


Dungeon Overview and Level Annotations

Branches:
Dungeon (5/15)
 Temple: D:4-7

Altars:
Cheibriados
Elyvilon
Gozag
Vehumet


Innate Abilities, Weirdness & Mutations

You are too large for most types of armour.
You have claws for hands.
Your natural rate of healing is unusually fast.
You are covered in fur. (AC +1)
You have tough skin. (AC +1)


Message History

You scratch the adder but do no damage.
The adder is lightly wounded.
The adder barely misses you.
The gnoll sergeant hits you from afar with a +0 spear.
The adder bites you but does no damage.
You scratch the adder.
The adder is moderately wounded.
The adder bites you.
The gnoll sergeant hits you from afar with a +0 spear!
* * * LOW HITPOINT WARNING * * *
You claw the adder!
You kill the adder!
Unknown command.
The gnoll sergeant hits you from afar with a +0 spear.
* * * LOW HITPOINT WARNING * * *
The white imp gestures at you. The puff of frost hits you!
* * * LOW HITPOINT WARNING * * *
You feel much better.
The gnoll sergeant hits you from afar with a +0 spear!
A red film seems to cover your vision as you go berserk!
You feel yourself moving faster!
You feel mighty!
The gnoll sergeant hits you from afar with a +0 spear.
You are too injured to fight recklessly!
You are too injured to fight recklessly!
You are too injured to fight recklessly!
You feel a strong urge to attack something.
The white imp closely misses you. The gnoll hits you with a +0 halberd.
* * * LOW HITPOINT WARNING * * *
The gnoll sergeant hits you with a +0 spear!
* * * LOW HITPOINT WARNING * * *
A worm comes into view.
You claw the gnoll!
The gnoll is severely wounded.
The white imp gestures at you. The puff of frost hits you!
* * * LOW HITPOINT WARNING * * *
The gnoll barely misses you.
The gnoll hits you from afar with a +0 halberd.
You die...

#......+ #.######.
#########........
#...<............
#########.#######
................
#.######'#######
#.....# . #..@..#
.. #.gg5.# ...
#..g..# ....
#.....# ##.....
.###.....##.......
.......[.w.)......
#######.###.......
#.# ....... #.#
.....##


You could see a gnoll sergeant, a worm, 2 gnolls and a white imp.

Vanquished Creatures
  Sigmund (D:2)
  An orc wizard (D:3)
  Robin (D:2)
  5 gnolls
  6 adders
  A worm (D:3)
  A dart slug (D:3)
  4 orcs (D:3)
  7 bats
  7 endoplasms
  3 giant cockroaches
  15 goblins
  12 hobgoblins
  2 jackals (D:3)
  4 quokkas
  9 ball pythons
  A frilled lizard (D:1)
  7 kobolds
  3 rats
90 creatures vanquished.

Notes
Turn   | Place    | Note
-------+----------+-------------------------------------------
     0 | D:1      | experimilk the Troll Gladiator began the quest for the Orb.
     0 | D:1      | Reached XP level 1. HP: 19/19 MP: 0/0
    97 | D:1      | Reached XP level 2. HP: 27/27 MP: 1/1
   245 | D:1      | Reached skill level 4 in Unarmed Combat
   531 | D:2      | Reached XP level 3. HP: 28/33 MP: 2/2
   652 | D:2      | Found a faded altar of an unknown god.
   788 | D:2      | Noticed Sigmund
  1024 | D:2      | Reached XP level 4. HP: 40/41 MP: 3/3
  1029 | D:2      | Reached skill level 5 in Unarmed Combat
  1031 | D:2      | Noticed Robin
  1043 | D:2      | Killed Robin
  1359 | D:2      | Killed Sigmund
  1360 | D:2      | Reached skill level 6 in Unarmed Combat
  1360 | D:2      | Reached XP level 5. HP: 34/48 MP: 4/4
  1455 | D:3      | Found a snail-covered altar of Cheibriados.
  1480 | D:3      | Reached XP level 6. HP: 55/55 MP: 5/5
  1594 | D:3      | Found a white marble altar of Elyvilon.
  1670 | D:3      | Reached skill level 7 in Unarmed Combat
  1900 | D:3      | Found an opulent altar of Gozag.
  2731 | D:4      | Found a radiant altar of Vehumet.
  3143 | D:5      | Entered Level 5 of the Dungeon
  3189 | D:5      | Slain by a gnoll

Illustrated notes

Levels and vault maps discovered:
D:1:      minmay_arrival_jagged, layout_rooms
D:2:      minmay_angry_zag, layout_basic, chequers_ecumenical_altar_island,
          uniq_sigmund, uniq_robin
D:3:      layout_basic, nicolae_gozag_cash_rules_everything_around_me,
          elyvilon_altar_4, kennysheep_slug_shrine, hangedman_decor_push,
          serial_bayou_lake_a
D:4:      layout_basic, vehumet_crystals, grunt_ministairs_14, nicolae_titane
D:5:      layout_basic, demons_altar, amcnicky_mini_corridor_feature,
          minmay_shop_damaged, chequers_serial_rivers_marsh, uniq_pikel,
          uniq_blork_the_orc

Skill      XL: |  1  2  3  4  5  6 |
---------------+-------------------+-----
Unarmed Combat | 4 6 7 |  7.5
Fighting       | |  1.5
Throwing       | |  1.7
Dodging        | |  2.4

Action                     |  1- 3 |  4- 6 || total
---------------------------+-------+-------++-------
  Melee: Unarmed           |    96 |   114 ||   210
         Punch             |     2 |     2 ||     4
  Throw: Stone             |     5 |       ||     5
         Large rock        |     1 |     1 ||     2
         Throwing net      |       |     2 ||     2
    Use: Scroll            |       |     5 ||     5
         Potion            |       |     2 ||     2
 Armour: Robe              |    31 |    34 ||    65
  Dodge: Dodged            |    34 |    66 ||   100

Table legend: (Time is in decaauts)
 A = Elapsed time spent in this place.
 B = Non-inter-level travel time spent in this place.
 C = Inter-level travel time spent in this place.
 D = Time resting spent in this place.
 E = Time spent auto-exploring this place.
 F = Levels seen in this place.
 G = Mean time per level.
                   A        B        C        D        E       F      G
               +--------+--------+--------+--------+--------+-----+--------+
         Total |   3167 |   3080 |     87 |    864 |   1444 |   5 |  633.4 |
       Dungeon |   3167 |   3080 |     87 |    864 |   1444 |   5 |  633.4 |
               +--------+--------+--------+--------+--------+-----+--------+

Top non-repeatable levels by time:
     D:2: 936 daAuts
     D:3: 907 daAuts
     D:4: 773 daAuts
     D:1: 505 daAuts
     D:5: 44 daAuts
